 Dungeon Crawl Stone Soup version 0.18-a0-30-g52c0daa (webtiles) character file.

23 Geeful the Firebug (level 2, 0/19 HPs)
             Began as a Demonspawn Wanderer on Nov 4, 2015.
             Succumbed to an adder's poison
             ... on level 2 of the Dungeon.
             The game lasted 00:04:15 (1822 turns).

Geeful the Firebug (Demonspawn Wanderer)            Turns: 1822, Time: 00:04:15

Health: 0/19       AC:  5    Str: 12    XL:     2   Next: 72%
Magic:  3/3        EV: 12    Int: 13    God:
Gold:   0          SH:  0    Dex: 12    Spells: 0 memorised, 3 levels left

rFire  . . .     SeeInvis .       - Unarmed
rCold  . . .     Clarity  .     g - +0 ring mail
rNeg   . . .     SustAt   .     (no shield)
rPois  .         Gourm    .     (no helmet)
rElec  .         Spirit   .     (no cloak)
rCorr  .         Warding  .     (no gloves)
rMut   .         Stasis   .     (no boots)
MR     .....                    (no amulet)
Stlth  +.........               (no ring)
                                (no ring)

@: lethally poisoned (0 -> -8), not resistant to hostile enchantments, very
unstealthy
A: repulsion field 1, low mp 1, subdued magic 1
a: no special abilities


You were on level 2 of the Dungeon.
You were not hungry.

You visited 1 branch of the dungeon, and saw 2 of its levels.

Inventory:

Armour
 d - a +0 robe
 g - a +0 ring mail (worn)
 k - a +0 scale mail
Scrolls
 e - a scroll of enchant armour {unknown}
 h - a scroll of teleportation {unknown}
 i - a scroll of identify
Books
 a - a book of Flames

   Spells                             Type                      Level
   a - Flame Tongue                   Conjuration/Fire             1
   b - Throw Flame                    Conjuration/Fire             2
   c - Conjure Flame                  Conjuration/Fire             3
   d - Inner Flame                    Hexes/Fire                   3
   e - Sticky Flame                   Conjuration/Fire             4
   f - Fireball                       Conjuration/Fire             5
 b - the Tome of the Escort

   Spells                             Type                      Level
   a - Summon Small Mammal            Summoning                    1
   b - Recall                         Summoning/Translocation      3
 c - Iskenderun's Grimoire of Igneous Confrontation

   Spells                             Type                      Level
   a - Flame Tongue                   Conjuration/Fire             1
   b - Conjure Flame                  Conjuration/Fire             3
Comestibles
 f - a bread ration
 l - a meat ration


   Skills:
 + Level 0.0 Fighting
 - Level 1.0 Throwing
 + Level 1.0 Armour
 + Level 1.1 Dodging
 - Level 1.0 Stealth
 + Level 1.1 Unarmed Combat
 - Level 1.0 Spellcasting
   Level 1.0 Translocations
   Level 1.7 Transmutations
   Level 3.6 Fire Magic


You had 3 spell levels left.
You didn't know any spells.

Dungeon Overview and Level Annotations

Branches:
Dungeon (2/15)

Altars:


Innate Abilities, Weirdness & Mutations

You are surrounded by a mild repulsion field (EV +2).
Your magical capacity is low (-10% MP).
Your spells are a little easier to cast, but a little less powerful.


Message History

All of the chunks of flesh in your inventory have rotted away.
You barely miss the adder.
The adder is almost dead.
You feel sick. The adder misses you.
You barely miss the adder.
The adder is almost dead.
The adder bites you.
You completely miss the adder.
The adder is almost dead.
The adder barely misses you.
You hit the adder but do no damage.
The adder is almost dead.
The adder bites you.
* * * LOW HITPOINT WARNING * * *
You are lethally poisoned!
The adder poisons you! The adder bites you.
* * * LOW HITPOINT WARNING * * *
Your ring mail prevents you from hitting the adder.
The adder is almost dead.
You die...

##### ....###
###.....#
#...S.#
#.###@###.#
#....†....#
#####.###.....
###.# ...
#...# .. .
####'#####...
#............
#............
#............


You could see an adder.

Vanquished Creatures
  A ball python (D:1)
  4 bats
  7 hobgoblins (D:1)
  3 goblins (D:1)
  A kobold (D:1)
  5 rats (D:1)
21 creatures vanquished.

Notes
Turn   | Place    | Note
--------------------------------------------------------------
     0 | D:1      | Geeful the Demonspawn Wanderer began the quest for the Orb.
     0 | D:1      | Geeful set off with: a book of Flames, the Tome of the Escort, Iskenderun's Grimoire of Igneous Confrontation, a +0 robe, a +0 club, a bread ration
     0 | D:1      | Reached XP level 1. HP: 13/13 MP: 2/2
   852 | D:1      | Gained mutation: You are surrounded by a mild repulsion field (EV +2). [demonic ancestry]
   852 | D:1      | Reached XP level 2. HP: 10/19 MP: 3/3
  1170 | D:1      | Reached skill level 1 in Unarmed Combat
  1273 | D:1      | Reached skill level 1 in Dodging
  1593 | D:1      | Reached skill level 1 in Armour
  1619 | D:1      | Noticed a sky beast
  1633 | D:1      | Gained mutation: Your magical capacity is low (-10% MP). [potion of mutation]
  1633 | D:1      | Gained mutation: Your spells are a little easier to cast, but a little less powerful. [potion of mutation]
  1822 | D:2      | Succumbed to an adder's poison

Vault maps used:
D:1:      saegor_arrival_simple_b, nrook_loot_triangle, hangedman_feature_mirror
D:2:      serial_glass, glass_columns_c, glass_columns_b

Action                   || total
-------------------------++-------
Melee: Unarmed           ||   190
  Use: Potion            ||     4
       Scroll            ||     2
  Eat: Chunk             ||     3
